 Dungeon Crawl Stone Soup version 0.30-a0-1018-g25214051b3 (webtiles) character file.

Game seed: 315699650283554976

138 Zeldest the Cudgeller (level 5, -2/47 HPs)
             Began as an Armataur Reaver on Apr 7, 2023.
             Blown up by Ijyb (17 damage)
             ... with a mindburst bolt
             ... on level 4 of the Dungeon.
             The game lasted 00:02:41 (2353 turns).

Zeldest the Cudgeller (Armataur Reaver)             Turns: 2353, Time: 00:02:41

Health: -2/47      AC: 12    Str: 19    XL:     5   Next: 1%
Magic:  0/7        EV:  6    Int: 13    God:
Gold:   179        SH:  0    Dex:  9    Spells: 6/7 levels left

rFire   . . .      SeeInvis .    a - +0 mace
rCold   . . .      Faith    .    (no shield)
rNeg    . . .      Spirit   +    j - +0 chain mail
rPois   .          Reflect  .    e - +2 helmet
rElec   .          Roll     +    t - scarf {+Inv}
rCorr   .                        h - +0 pair of gloves
Will    .....                    (no barding) Stlth
                                 o - amulet of guardian spirit
HPRegen 0.27/turn                u - ring of flight
MPRegen 0.10/turn                (no ring)

@: flying, hasted, very quick
A: large, rugged brown scales 3, deformed body, armoured tail, roll, long
tongue, awkward tongue
a: Evoke Invisibility


You were on level 4 of the Dungeon.
You visited 1 branch of the dungeon, and saw 4 of its levels.

You collected 179 gold pieces.

Inventory:

Hand Weapons
 a - a +0 mace (weapon)
Missiles
 k - 2 throwing nets
Armour
 e - a +2 helmet (worn)
 h - a +0 pair of gloves (worn)
 j - a +0 chain mail (worn)
 t - a scarf of invisibility (worn)
Jewellery
 o - an amulet of guardian spirit (around neck)
 u - a ring of flight (left hand)
 w - an amulet of reflection
Scrolls
 m - a scroll of enchant weapon {unknown}
 p - a scroll of immolation {unknown}
 r - 2 scrolls of identify
 s - a scroll of amnesia {unknown}
 v - a scroll of enchant armour {unknown}
Potions
 b - 2 potions of might {unknown}
 c - a potion of degeneration
 d - a potion of haste
 f - 5 potions of curing
 g - 2 potions of mutation {unknown}
 i - a potion of lignification {unknown}
 l - a potion of attraction {unknown}
 n - a potion of flight {unknown}
 q - 4 potions of heal wounds {unknown}


   Skills:
 + Level 2.8 Fighting
 + Level 4.1 Maces & Flails
 - Level 2.3 Armour
 - Level 1.3 Dodging
 - Level 1.7 Spellcasting
 - Level 2.6 Conjurations
 + Level 0.6 Evocations


You had 6 spell levels left.
You knew the following spells:

 Your Spells              Type           Power      Damage    Failure   Level
a - Kiss of Death         Conj/Necr      16%        2d6       80%         1

Your spell library contained the following spells:

 Spells                   Type           Power      Damage    Failure   Level
 Momentum Strike          Conj/Tloc      8%         3d8       90%         2
 Freeze                   Ice            4%         1d3       93%         1
 Sting                    Tmut/Pois      4%         1d3       93%         1
 Poisonous Vapours        Pois/Air       2%         N/A       98%         2
 Hailstorm                Conj/Ice       4%         3d4       99%         3
 Frozen Ramparts          Ice            2%         1d1       100%        3
 Olgreb's Toxic Radiance  Pois           1%         N/A       100%        4


Dungeon Overview and Level Annotations

Branches:
Dungeon (4/15) Zot: 21592
 Temple: D:4-7

Altars:
Trog

Annotations:
D:4 Ijyb


Innate Abilities, Weirdness & Mutations

You are completely covered in rugged brown scales. (AC +3, +7% HP)
Armour fits poorly on your strangely shaped body.
You have a long armoured tail.
You roll when moving toward enemies. (Rampage)
Your long tongue fully drains potion bottles. (2x potion effects)
Your tongue gives you trouble enunciating. (1.5x scroll delay)


Message History

The adder bites you but does no damage. The adder bites you.
An adder is nearby!
You miss the adder.
The adder is severely wounded.
The adder barely misses you. The adder bites you but does no damage.
You hit the adder.
You kill the adder!
You have reached level 5!
Ijyb the Twisted Goblin comes into view.
She is wielding a +0 club and carrying a wand of mindburst (13).
Ijyb shouts!
Ijyb zaps a wand.
You barely resist.
Ijyb is nearby!
You roll towards Ijyb!
Ijyb zaps a wand.
Your mind is blasted!
Ijyb is nearby!
You barely miss Ijyb.
Your tail-slap misses Ijyb.
Ijyb zaps a wand.
You barely resist.
Ijyb is nearby!
You sock Ijyb!
Ijyb is heavily wounded.
Ijyb zaps a wand.
Your mind is blasted!
You are too injured to fight recklessly!
You are too injured to fight recklessly!
You are too injured to fight recklessly!
You completely miss Ijyb. You tail-slap Ijyb, but do no damage.
Ijyb is moderately wounded.
Ijyb hits you but does no damage. Ijyb hits you with a +0 club.
You closely miss Ijyb.
Ijyb is moderately wounded.
Ijyb zaps a wand.
Your mind is blasted!
You hit Ijyb but do no damage.
Ijyb is moderately wounded.
Ijyb hits you with a +0 club.
* * * LOW HITPOINT WARNING * * *
You barely miss Ijyb.
Ijyb is moderately wounded.
Ijyb zaps a wand.
You barely resist.
You feel yourself speed up.
You slurp down every last drop of the potion of haste!
Ijyb zaps a wand.
Your mind is blasted!
You die...

#.......####.........####
#####..## ##.......## #
#.## ##.....## #.#
##...## #.# ##+## #.# #.#
#.######### #...@g....#
#########...


You could see Ijyb.

Vanquished Creatures
  5 adders
  2 worms (D:3)
  2 dart slugs
  7 orcs
  4 ball pythons
  3 bats
  5 endoplasms
  2 giant cockroaches
  10 goblins
  7 hobgoblins
  5 jackals
  6 quokkas
  6 frilled lizards
  2 kobolds
  5 rats
71 creatures vanquished.

Vanquished Creatures (others)
  A plant (D:2)
1 creature vanquished.

Grand Total: 72 creatures vanquished

Notes
Turn   | Place    | Note
-------+----------+-------------------------------------------
     0 | D:1      | Zeldest the Armataur Reaver began the quest for the Orb.
     0 | D:1      | Reached XP level 1. HP: 18/18 MP: 3/3
   193 | D:1      | Reached skill level 3 in Maces & Flails
   245 | D:1      | Reached XP level 2. HP: 25/25 MP: 4/4
   363 | D:1      | Reached skill level 1 in Armour
   589 | D:1      | Found a faded altar of an unknown god.
   674 | D:1      | Reached XP level 3. HP: 30/31 MP: 5/5
  1414 | D:3      | Reached XP level 4. HP: 39/39 MP: 6/6
  1568 | D:3      | Found a bloodstained altar of Trog.
  1890 | D:3      | Reached skill level 4 in Maces & Flails
  2334 | D:4      | Reached XP level 5. HP: 44/47 MP: 7/7
  2344 | D:4      | Noticed Ijyb
  2353 | D:4      | Blown up by Ijyb

Illustrated notes

Levels and vault maps discovered:
D:1:      beargit_arrival_greenhouse, layout_loops_ring,
          shapermc_ecumenical_altar_venn, wander_ebering_terrifying_dragon_lair
D:2:      layout_rooms, corexii_shack
D:3:      layout_loops_cross, mainiacjoe_overflow_concentric_impassable,
          minmay_misc_feat_four_crosses, grunt_ministairs_10
D:4:      layout_loops_corners, lemuel_mausoleum_altar_yredelemnul,
          kennysheep_little_box, patterned_corridor, uniq_ijyb

Skill      XL: |  1  2  3  4 |
---------------+-------------+-----
Fighting       | 2 |  2.8
Maces & Flails | 3 4 |  4.1
Armour         | 1 2 |  2.3
Dodging        | |  1.3
Spellcasting   | |  1.7
Conjurations   | |  2.6
Evocations     | |  0.6

Action                     |  1- 3 |  4- 6 || total
---------------------------+-------+-------++-------
  Melee: Mace              |   133 |   114 ||   247
         Tailslap          |    11 |    12 ||    23
         Punch             |     1 |       ||     1
    Use: Scroll            |     3 |       ||     3
         Potion            |       |     1 ||     1
 Armour: Leather armour    |    27 |       ||    27
         Chain mail        |    52 |    59 ||   111
  Dodge: Dodged            |    63 |    39 ||   102

Table legend: (Time is in decaauts)
 A = Elapsed time spent in this place.
 B = Non-inter-level travel time spent in this place.
 C = Inter-level travel time spent in this place.
 D = Time resting spent in this place.
 E = Time spent auto-exploring this place.
 F = Levels seen in this place.
 G = Mean time per level.
                   A        B        C        D        E       F      G
               +--------+--------+--------+--------+--------+-----+--------+
         Total |   2406 |   2310 |     96 |    115 |   1638 |   4 |  601.5 |
       Dungeon |   2406 |   2310 |     96 |    115 |   1638 |   4 |  601.5 |
               +--------+--------+--------+--------+--------+-----+--------+

Top non-repeatable levels by time:
     D:1: 944 daAuts
     D:3: 659 daAuts
     D:2: 498 daAuts
     D:4: 304 daAuts
